 Dungeon Crawl Stone Soup version 0.28.0-53-g5a82cb258f (webtiles) character file.

Game seed: 5869588323346885149

479 sanboga the Covered (level 7, -2/44 HPs)
             Began as a Gargoyle Fighter on July 2, 2022.
             Slain by a yak (13 damage)
             ... on level 4 of the Dungeon.
             The game lasted 00:04:16 (3772 turns).

sanboga the Covered (Gargoyle Fighter)              Turns: 3772, Time: 00:04:17

Health: -2/44      AC: 17    Str: 20 (22) XL:     7   Next: 11%
Magic:  7/7        EV:  6    Int:  5 (8)  God:
Gold:   268        SH:  7    Dex:  6 (9)  Spells: 6/6 levels left

rFire   . . .      SeeInvis .   a - +0 war axe
rCold   . . .      Faith    .   n - +0 kite shield
rNeg    + . .      Spirit   .   l - +0 chain mail
rPois   ∞          Reflect  .   j - +0 helmet
rElec   +          Harm     .   (no cloak)
rCorr   .          Rampage  .   q - +0 pair of gloves
Will    .....                   (no boots)
Stlth   ..........              (no amulet)
HPRegen 0.14/turn               (no ring)
MPRegen 0.10/turn               (no ring)

@: flying
A: sickness immunity, AC +4, negative energy resistance 1, electricity
resistance, torment resistance 1, petrification resistance
a: no special abilities


You were on level 4 of the Dungeon.
You visited 1 branch of the dungeon, and saw 4 of its levels.

You collected 268 gold pieces.

Inventory:

Hand Weapons
 a - a +0 war axe (weapon)
Armour
 j - a +0 helmet (worn)
 l - a +0 chain mail (worn)
 n - a +0 kite shield (worn)
 q - a +0 pair of gloves (worn)
Scrolls
 b - a scroll of immolation {unknown}
 c - a scroll of torment {unknown}
 d - a scroll of blinking {unknown}
 e - 3 scrolls of amnesia {unknown}
 f - 3 scrolls of identify {unknown}
 g - 3 scrolls of teleportation {unknown}
 h - a scroll of fog {unknown}
 k - 3 scrolls of enchant weapon {unknown}
 m - a scroll of vulnerability {unknown}
 p - a scroll of noise {unknown}
Potions
 i - 2 potions of degeneration


   Skills:
 + Level 4.8 Fighting
 * Level 4.4 Axes
 + Level 4.8 Armour
 + Level 4.8 Shields


You had 6 spell levels left.
You didn't know any spells.
Your spell library contained the following spells:

 Spells                   Type           Power      Damage    Failure   Level
 Animate Skeleton         Necr           0%         N/A       100%        1
 Pain                     Necr           0%         1d4       100%        1
 Sandblast                Erth           0%         2d4       100%        1
 Passwall                 Tmut/Erth      0%         N/A       100%        2
 Static Discharge         Conj/Air       0%         N/A       100%        2
 Stone Arrow              Conj/Erth      0%         3d7       100%        3
 Vampiric Draining        Necr           0%         2d6       100%        3
 Airstrike                Air            0%         N/A       100%        4
 Summon Lightning Spire   Summ/Air       0%         N/A       100%        4
 Lightning Bolt           Conj/Air       0%         1d11      100%        5
 Maxwell's Capacitive Co  Air            0%         ∞         100%        8


Dungeon Overview and Level Annotations

Branches:
Dungeon (4/15)
 Temple: D:4-7

Altars:
Elyvilon
Vehumet
The Shining One


Innate Abilities, Weirdness & Mutations

You are immune to sickness and miasma.
Your stone body is resilient. (AC +4)
You are immune to poison.
You resist negative energy. (rN+)
You are resistant to electric shocks. (rElec)
You are resistant to unholy torment.
You are immune to petrification.


Message History

You barely miss the yak.
The yak is moderately wounded.
You closely miss the yak.
The yak is moderately wounded.
The yak gores you!
The yak is engulfed in blazing flames. x2
The yak barely misses you.
You completely miss the yak.
The yak is moderately wounded.
You hit the yak but do no damage. The yak gores you!
The yak is engulfed in blazing flames.
The yak gores you but does no damage. You block the yak's attack.
You slash the yak!
The yak is heavily wounded.
You hit the yak. You hit the yak but do no damage.
The yak is engulfed in blazing flames.
The yak dies!
You block the yak's attack. The yak closely misses you.
The yak is engulfed in blazing flames.
The yak gores you but does no damage.
You hit the yak.
The yak is severely wounded.
You hit the yak but do no damage. You closely miss the yak. The yak gores you.
The yak gores you but does no damage. The yak gores you!
You barely miss the yak.
The yak is severely wounded.
You hit the yak but do no damage. You closely miss the yak.
You block the yak's attack.
The yak is engulfed in blazing flames.
You block the yak's attack.
The yak is engulfed in blazing flames.
The yak gores you but does no damage. The yak closely misses you.
The yak gores you but does no damage.
The yak is engulfed in blazing flames.
The yak barely misses you.
You hit the yak.
The yak is severely wounded.
You hit the yak but do no damage. You barely miss the yak.
You hit the yak but do no damage. The yak completely misses you.
The yak gores you!
* * * LOW HITPOINT WARNING * * *
The yak is engulfed in blazing flames.
The yak dies!
The yak is engulfed in blazing flames.
The yak gores you!
You die...

#.## ## #..# #.. #.## .... #
#..##### #.... #
##......######..... ##
##.................. .# #####
###....°..○.##........ .##
#...####..##YY○_☼..#####Y....
..# #.....#..###@Y§.○.##
..... ..###...>....####☼....#
..Y.. ...###.........####..##
...Y. ...###...........##.##
..... ....##..............#
#..#.. ....#...............##
##..# .....[#..............#
#..#
##...#.....###.......#####.#
..###...###...###...###..Y##


You could see 3 yaks.

Vanquished Creatures
  A yak (D:3)
  An ogre (D:4)
  A phantom (D:3)
  A water moccasin skeleton (D:4)
  A centaur skeleton (D:4)
  A hound skeleton (D:2)
  Robin (D:2)
  An adder (D:3)
  An adder skeleton (D:4)
  A worm (D:2)
  4 orcs (D:3)
  4 bats
  4 endoplasms
  4 giant cockroaches
  14 goblins
  7 hobgoblins
  7 kobolds
  2 quokkas (D:1)
  6 ball pythons
  4 frilled lizards
  6 rats
72 creatures vanquished.

Vanquished Creatures (others)
  2 yaks (D:4)
2 creatures vanquished.

Grand Total: 74 creatures vanquished

Notes
Turn   | Place    | Note
-------+----------+-------------------------------------------
     0 | D:1      | sanboga the Gargoyle Fighter began the quest for the Orb.
     0 | D:1      | Reached XP level 1. HP: 14/14 MP: 1/1
   424 | D:1      | Found a faded altar of an unknown god.
   438 | D:1      | Reached XP level 2. HP: 19/19 MP: 2/2
  1301 | D:2      | Noticed Robin
  1309 | D:2      | Reached XP level 3. HP: 22/23 MP: 3/3
  1326 | D:2      | Killed Robin
  1624 | D:2      | Reached XP level 4. HP: 29/29 MP: 4/4
  1880 | D:3      | Found a white marble altar of Elyvilon.
  2293 | D:3      | Noticed a phantom
  2313 | D:3      | Killed a phantom
  2314 | D:3      | Reached XP level 5. HP: 26/33 MP: 5/5
  2443 | D:3      | Found a glowing golden altar of the Shining One.
  3187 | D:4      | Reached XP level 6. HP: 37/38 MP: 6/6
  3229 | D:4      | Noticed a yak
  3278 | D:3      | Killed a yak
  3521 | D:4      | Reached XP level 7. HP: 23/44 MP: 7/7
  3731 | D:4      | Found a radiant altar of Vehumet.
  3746 | D:4      | Noticed a yak
  3746 | D:4      | Noticed a yak
  3746 | D:4      | Noticed a yak
  3747 | D:4      | Noticed a yak
  3747 | D:4      | Noticed a yak
  3769 | D:4      | Killed a yak
  3772 | D:4      | Killed a yak
  3772 | D:4      | Slain by a yak

Illustrated notes

Levels and vault maps discovered:
D:1:      dpeg_arrival_rooms_c, layout_basic,
          shapermc_ecumenical_altar_mp_highgroup
D:2:      layout_rooms, minmay_tromino_v2, uniq_robin
D:3:      layout_basic, amcnicky_altar_gilded, tso_oasis_becter,
          nicolae_concentric_dashed_squares_wild, kennysheep_cross_room
D:4:      nicolae_cairo_tiling, layout_cave_pods, fiery_altar_vehumet,
          minmay_temple_entry_antechambers, minmay_misc_feat_ornament,
          nicolae_zen_rock_garden

Skill      XL: |  1  2  3  4  5  6 |
---------------+-------------------+-----
Axes           | 2 3 4 |  4.4
Fighting       | 4 |  4.8
Armour         | 4 |  4.8
Shields        | 4 |  4.8

Action                   |  1- 3 |  4- 6 |  7- 9 || total
-------------------------+-------+-------+-------++-------
Melee: War axe           |    98 |   116 |     7 ||   221
  Use: Potion            |       |     1 |     2 ||     3
Armor: Scale mail        |    56 |       |       ||    56
       Chain mail        |    17 |    76 |     5 ||    98
Dodge: Dodged            |    47 |    52 |     5 ||   104
Block: Buckler           |    17 |    22 |       ||    39
       Kite shield       |       |    16 |     4 ||    20
